 Dungeon Crawl Stone Soup version 0.21.1-1-g345015fe64 (webtiles) character file.

72 Redear the Insei (level 4, -5/22 HPs)
             Began as a Vine Stalker Transmuter on Mar 9, 2018.
             Slain by a gnoll
             ... wielding a cursed -1 flail
              (9 damage)
             ... on level 2 of the Dungeon.
             The game lasted 00:06:42 (1941 turns).

Redear the Insei (Vine Stalker Transmuter)          Turns: 1941, Time: 00:06:43

Health: -5/22      AC:  5    Str: 12    XL:     4   Next: 26%
Magic:  0/9        EV: 11    Int: 13    God:
Gold:   34         SH:  0    Dex: 16    Spells: 7/8 levels left

rFire    . . .     SeeInvis .     - Unarmed
rCold    . . .     Gourm    .   (no shield)
rNeg     + . .     Faith    .   i - +0 ring mail
rPois    +         Spirit   +   (no helmet)
rElec    .         Reflect  .   (no cloak)
rCorr    .         Harm     .   (no gloves)
MR       .....                  (boots currently unavailable)
Stlth    +.........             (no amulet)
HPRegen  0.47/turn              g - ring of poison resistance
MPRegen  0.11/turn              l - ring of positive energy

@: appendage (expiring)
A: fangs 2, talons 3, regeneration 1, magic shield, antimagic bite, no potion
heal 3, rot immunity
a: End Transformation


You were on level 2 of the Dungeon.
You were not hungry.
You had grown temporary talons.
You visited 1 branch of the dungeon, and saw 2 of its levels.

You collected 34 gold pieces.

Inventory:

Missiles
 a - 12 arrows
Armour
 b - a +0 robe
 i - a +0 ring mail (worn)
Jewellery
 g - a ring of poison resistance (left hand)
 l - a ring of positive energy (right hand)
 m - an uncursed amulet of magic regeneration {unknown}
Scrolls
 e - 2 scrolls of identify {unknown}
 h - a scroll of remove curse {unknown}
 j - a scroll of fog {unknown}
Potions
 f - a potion of haste {unknown}
Books
 c - a book of Changes

   Spells                             Type                      Level
   a - Beastly Appendage              Transmutation                1
   b - Sticks to Snakes               Transmutation                2
   c - Spider Form                    Transmutation/Poison         3
   d - Ice Form                       Ice/Transmutation            4
   e - Blade Hands                    Transmutation                5
Comestibles
 d - 3 rations
 k - a chunk of flesh


   Skills:
 + Level 1.0 Fighting
 + Level 0.1 Armour
 + Level 1.9 Dodging
 + Level 0.7 Stealth
 + Level 3.7 Unarmed Combat
 + Level 2.7 Spellcasting
 + Level 2.8 Transmutations


You had 7 spell levels left.
You knew the following spells:

 Your Spells              Type           Power        Failure   Level  Hunger
a - Beastly Appendage     Tmut           #.....       17%         1    #......


Dungeon Overview and Level Annotations

Branches:
Dungeon (2/15)

Altars:


Innate Abilities, Weirdness & Mutations

You have extremely sharp teeth.
Your natural rate of healing is unusually fast.
When hurt, damage is shared between your health and your magic reserves.
Your bite disrupts and absorbs the magic of your enemies.
Potions cannot restore your health.
You are immune to rotting.
You have claws for feet.


Message History

The gnoll hits you with a whip.
You hit the gnoll but do no damage. You bite the gnoll. You drain its power.
You feel invigorated.
The gnoll is severely wounded.
The gnoll completely misses you. The gnoll hits you with a flail!
* * * LOW HITPOINT WARNING * * *
You hit the gnoll but do no damage. Your bite misses the gnoll.
The gnoll is severely wounded.
The gnoll barely misses you. The gnoll hits you but does no damage.
The gnoll barely misses you.
You hit the gnoll. Your kick misses the gnoll.
You bite the gnoll, but do no damage.
The gnoll is severely wounded.
The gnoll hits you with a whip.
* * * LOW HITPOINT WARNING * * *
The gnoll closely misses you.
You hit the gnoll.
You kill the gnoll!
The gnoll hits you with a flail!
You die...

#......'....#.
....###.##
#......####........
#.# ###...........##..
#.# #..#..###....#.#
#.# #..#...........#
#.#
#..#.###.#.##..#####.#
#..#.# #.#.[....>...(#
#. #.# #......)#######
#.# ######@## ..# #g#
### #g# #.# #.# ..#
###


You could see 2 gnolls.

Vanquished Creatures
  A gnoll (D:2)
  2 adders (D:2)
  An ooze (D:1)
  2 ball pythons
  3 bats (D:1)
  2 giant cockroaches (D:1)
  2 goblins
  4 hobgoblins (D:1)
  6 jackals (D:1)
  2 frilled lizards (D:1)
  4 kobolds (D:1)
  12 rats
41 creatures vanquished.

Notes
Turn   | Place    | Note
-------+----------+-------------------------------------------
     0 | D:1      | Redear the Vine Stalker Transmuter began the quest for the Orb.
     0 | D:1      | Reached XP level 1. HP: 9/9 MP: 4/4
   113 | D:1      | Reached XP level 2. HP: 14/14 MP: 4/6
   589 | D:1      | Reached skill level 1 in Fighting
   602 | D:1      | Reached XP level 3. HP: 10/18 MP: 5/7
  1844 | D:2      | Gained mutation: Your natural rate of healing is unusually fast. [Vine Stalker growth]
  1844 | D:2      | Reached XP level 4. HP: 17/22 MP: 5/9
  1941 | D:2      | Slain by a gnoll

Skill      XL: |  1  2 |
---------------+-------+-----
Fighting       | 1 |  1.0
Armour         | |  0.1
Dodging        | |  1.9
Stealth        | |  0.7
Unarmed Combat | |  3.7
Spellcasting   | |  2.7
Transmutations | |  2.8

Action                   |  1- 3 |  4- 6 || total
-------------------------+-------+-------++-------
Melee: Unarmed           |   138 |     7 ||   145
       Kick              |    14 |     1 ||    15
       Bite              |    22 |     2 ||    24
       Headbutt          |     3 |       ||     3
       Punch             |       |     1 ||     1
 Cast: Beastly Appendage |    21 |     1 ||    22
 Stab: Sleeping          |     2 |       ||     2
  Eat: Chunk             |     3 |     1 ||     4
Armor: Robe              |    36 |       ||    36
       Ring mail         |     2 |     2 ||     4
Dodge: Dodged            |   134 |     6 ||   140
